 Dungeon Sprint DCSS version 0.21.1-1-g345015f (webtiles) character file.

3814 Fang the Severer (level 9, -8/144 HPs)
             Began as a Minotaur Berserker on June 8, 2018.
             Was the Champion of Trog.
             Mangled by a small abomination (16 damage)
             ... in the Dungeon (Sprint VII: "The Pits").
             The game lasted 00:03:30 (1415 turns).

Fang the Severer (Minotaur Berserker)               Turns: 1415, Time: 00:03:31

Health: -8/144     AC: 10    Str: 30    XL:     9   Next: 97%
Magic:  8/8        EV: 15    Int:  4    God:    Trog [******]
Gold:   14         SH:  0    Dex: 10    Spells: 8/8 levels left

rFire    . . .     SeeInvis .   o - +2 hand axe (chop)
rCold    + . .     Gourm    .   (no shield)
rNeg     . . .     Faith    .   p - +3 ring mail
rPois    .         Spirit   .   (helmet restricted)
rElec    .         Reflect  .   b - +1 cloak
rCorr    .         Harm     .   (no gloves)
MR       .....     NoTele   +   (no boots)
Stlth    ..........             (no amulet)
HPRegen  0.34/turn              (no ring)
MPRegen  0.11/turn              (no ring)

@: berserking (expiring), lethally poisoned (-8 -> -44), slowed
A: retaliatory headbutt, claws 1, horns 2, cold resistance 1, deformed body
a: Berserk, Trog's Hand, Brothers in Arms, Burn Spellbooks, Renounce Religion


You were in the Dungeon.
You worshipped Trog.
Trog was exalted by your worship.
You were hungry.

You visited 1 branch You collected 14 gold pieces.

Inventory:

Hand Weapons
 j - a +2 hand axe
 o - a +2 hand axe of chopping (weapon)
Armour
 b - a +1 cloak (worn)
 p - a +3 ring mail (worn)
Jewellery
 n - a +3 ring of intelligence
 r - a +3 ring of intelligence
Scrolls
 i - a scroll of blinking
 l - 3 scrolls of remove curse
 m - a scroll of summoning
Potions
 d - 6 potions of curing
 e - 6 potions of heal wounds
 f - 2 potions of haste
 g - 4 potions of magic
 h - 5 potions of berserk rage
 k - 2 potions of invisibility
 q - 3 potions of agility
 s - a potion of brilliance
 t - a potion of resistance
Comestibles
 c - 8 rations


   Skills:
 + Level 14.4 Fighting
 + Level 17.2 Axes
 + Level 11.3 Armour
 + Level 8.7 Dodging
 + Level 3.9 Stealth


You had 8 spell levels left.
You didn't know any spells.

Dungeon Overview and Level Annotations

Branches:
Dungeon (1/1)

Altars:
Ashenzari
Cheibriados
Dithmenos
Elyvilon
Fedhas
Gozag
Hepliaklqana
Kikubaaqudgha
Makhleb
Nemelex Xobeh
Okawaru
Qazlal
Ru
Sif Muna
Trog
Uskayaw
Vehumet
Wu Jian
Xom
Yredelemnul
Zin
The Shining One
Beogh
Jiyva
Lugonu


Innate Abilities, Weirdness & Mutations

You reflexively headbutt those who attack you in melee.
You have a pair of horns on your head.
You have sharp fingernails.
Your flesh is cold resistant. (rC+)
Armour fits poorly on your strangely shaped body.


Message History

a dagger; a robe; a trident; a scale mail; a gnoll skeleton You slash the wolf spider!
You kill the wolf spider!
Trog accepts your kill.
Your Axes skill increases to level 17!
You hit the small abomination.
* * * LOW HITPOINT WARNING * * *
You feel sick.
You completely miss the small abomination.
Your headbutt misses the small abomination.
The small abomination is heavily damaged.
* * * LOW HITPOINT WARNING * * *
You feel very sick.
The small abomination closely misses you.
Unknown command.
You slash the small abomination!
The small abomination is almost destroyed.
* * * LOW HITPOINT WARNING * * *
You feel sick. The small abomination hits you!
You die...

#................##..#
#......#..#......##..#
#................''..#
'................''..#
#......#..#....)†##..9Y....
#................##........
####'#####''###############
#.......##')#########
#.......##..)..)@x..#
#.......##....)))...'...
#...<...##..#####...####
#.......##..+ ......
#.......##..# .......
#.......##..# .#####.
##########..# .+
##########... .# ...#..[[#


You could see a small abomination.

Vanquished Creatures
  A death yak (D)
  A deep elf mage (D)
  A wolf spider (D)
  Maurice (D)
  A merfolk siren (D)
  A gargoyle (D)
  A spiny frog (D)
  A red devil (D)
  A spriggan (D)
  A wraith (D)
  Menkaure (D)
  A sky beast (D)
  A necrophage (D)
  A big kobold (D)
  A bullfrog (D)
  A gnoll sergeant (D)
  An orc priest (D)
  An iguana (D)
  A worker ant (D)
  A mummy (D)
  5 gnolls (D)
  An adder (D)
  A leopard gecko (D)
  A bat (D)
  2 giant cockroaches (D)
  A goblin (D)
  A hobgoblin (D)
  2 kobolds (D)
  A quokka (D)
  A leopard gecko skeleton (D)
  A leopard gecko zombie (D)
37 creatures vanquished.

Notes
Turn   | Place    | Note
-------+----------+-------------------------------------------
     0 | D        | Fang the Minotaur Berserker began the quest for the Orb.
     0 | D        | Reached XP level 1. HP: 19/19 MP: 0/0
    25 | D        | Found a bloodstained altar of Trog.
    25 | D        | Found a deep blue altar of Sif Muna.
    25 | D        | Found a viscous altar of Jiyva.
    25 | D        | Found a hazy altar of Hepliaklqana.
    25 | D        | Found an opulent altar of Gozag.
    26 | D        | Found a glowing golden altar of the Shining One.
    26 | D        | Found a glowing silver altar of Zin.
    26 | D        | Found a basalt altar of Yredelemnul.
    26 | D        | Found a shimmering altar of Xom.
    26 | D        | Found an ornate altar of the Wu Jian Council.
    26 | D        | Found a sacrificial altar of Ru.
    26 | D        | Found a stormy altar of Qazlal.
    26 | D        | Found an iron altar of Okawaru.
    26 | D        | Found a sparkling altar of Nemelex Xobeh.
    26 | D        | Found a burning altar of Makhleb.
    26 | D        | Found a blossoming altar of Fedhas.
    26 | D        | Found a white marble altar of Elyvilon.
    26 | D        | Found a shadowy altar of Dithmenos.
    26 | D        | Found a snail-covered altar of Cheibriados.
    28 | D        | Found a radiant altar of Vehumet.
    28 | D        | Found a corrupted altar of Lugonu.
    28 | D        | Found a roughly hewn altar of Beogh.
    69 | D        | Reached skill level 4 in Axes
    72 | D        | Reached ** piety under Trog
   149 | D        | Noticed an iguana
   152 | D        | Reached *** piety under Trog
   152 | D        | Reached skill level 5 in Fighting
   152 | D        | Reached skill level 5 in Axes
   152 | D        | Reached XP level 2. HP: 24/29 MP: 1/1
   155 | D        | Reached skill level 6 in Axes
   155 | D        | Reached XP level 3. HP: 26/37 MP: 2/2
   342 | D        | Noticed a sky beast
   349 | D        | Reached **** piety under Trog
   351 | D        | Killed a sky beast
   351 | D        | Reached skill level 8 in Axes
   351 | D        | Reached XP level 4. HP: 48/48 MP: 3/3
   351 | D        | Reached XP level 5. HP: 53/53 MP: 4/4
   352 | D        | Reached skill level 9 in Axes
   355 | D        | Noticed Menkaure
   361 | D        | Killed Menkaure
   361 | D        | Reached ***** piety under Trog
   361 | D        | Reached skill level 10 in Axes
   361 | D        | Reached skill level 5 in Armour
   361 | D        | Reached skill level 5 in Dodging
   361 | D        | Reached skill level 1 in Stealth
   361 | D        | Reached XP level 6. HP: 4/64 MP: 5/5
   656 | D        | Reached skill level 11 in Axes
   697 | D        | Noticed a spiny frog
   707 | D        | Killed a spiny frog
   707 | D        | Received a gift from Trog
   707 | D        | Reached skill level 10 in Fighting
   707 | D        | Reached skill level 12 in Axes
   707 | D        | Reached XP level 7. HP: 29/73 MP: 6/6
  1033 | D        | Noticed a deep elf mage
  1042 | D        | Killed a deep elf mage
  1042 | D        | Reached skill level 13 in Axes
  1042 | D        | Reached XP level 8. HP: 83/83 MP: 7/7
  1045 | D        | Reached skill level 14 in Axes
  1099 | D        | Noticed a merfolk siren
  1099 | D        | Noticed Maurice
  1111 | D        | Killed Maurice
  1111 | D        | Received a gift from Trog
  1117 | D        | Killed a merfolk siren
  1117 | D        | Reached skill level 15 in Axes
  1213 | D        | Gained mutation: Armour fits poorly on your strangely shaped body. [potion of mutation]
  1213 | D        | Gained mutation: You have sharp fingernails. [potion of mutation]
  1213 | D        | Gained mutation: Your flesh is cold resistant. (rC+) [potion of mutation]
  1256 | D        | Found a hide-covered altar of Uskayaw.
  1256 | D        | Found an ancient bone altar of Kikubaaqudgha.
  1256 | D        | Found a shattered altar of Ashenzari.
  1285 | D        | Noticed a gargoyle
  1286 | D        | Noticed a death yak
  1301 | D        | Killed a death yak
  1301 | D        | Reached skill level 16 in Axes
  1301 | D        | Reached skill level 10 in Armour
  1301 | D        | Reached XP level 9. HP: 93/93 MP: 8/8
  1302 | D        | Killed a gargoyle
  1348 | D        | Noticed a red devil
  1359 | D        | Killed a red devil
  1369 | D        | Received a gift from Trog
  1369 | D        | Reached ****** piety under Trog
  1397 | D        | Noticed a wolf spider
  1413 | D        | Killed a wolf spider
  1413 | D        | Reached skill level 17 in Axes
  1415 | D        | Mangled by a small abomination

Skill      XL: |  1  2  3  4  5  6  7  8  9 |
---------------+----------------------------+-----
Fighting       | 5 6 8 9 10 11 13 14 | 14.4
Axes           | 5 6 8 10 12 13 16 17 | 17.2
Armour         | 3 4 5 6 8 10 11 | 11.3
Dodging        | 3 4 5 6 8 |  8.7
Stealth        | 1 2 3 |  3.9

Action                   |  1- 3 |  4- 6 |  7- 9 || total
-------------------------+-------+-------+-------++-------
Melee: Hand axe          |    17 |    16 |    56 ||    89
       Headbutt          |     3 |     1 |    11 ||    15
Invok: Berserk           |     1 |     1 |     5 ||     7
  Use: Potion            |       |       |     1 ||     1
  Eat: Ration            |       |       |     1 ||     1
       Chunk             |       |       |     3 ||     3
Armor: Animal skin       |     2 |       |       ||     2
       Ring mail         |     2 |     5 |    10 ||    17
Dodge: Dodged            |    18 |     3 |    28 ||    49
